 Dungeon Crawl Stone Soup version 0.31.0-7-gf635a9b802 (webtiles) character file.

Game seed: 1391009888091579434

39 Arcadio the Digger (level 3, -1/19 HPs)
             Began as a Gargoyle Earth Elementalist on Jan 23, 2024.
             Slain by Terence
             ... wielding a +0 mace
              (9 damage)
             ... on level 2 of the Dungeon.
             The game lasted 00:02:51 (1096 turns).

Arcadio the Digger (Gargoyle Earth Elementalist)    Turns: 1096, Time: 00:02:52

Health: -1/19      AC:  6    Str: 11    XL:     3   Next: 45%
Magic:  3/6        EV: 12    Int: 17    God:
Gold:   37         SH:  0    Dex: 10    Spells: 3/7 levels left

rFire   . . .        k - +0 dagger (venom)
rCold   . . .        (no shield)
rNeg    + . .        a - +0 robe
rPois   ∞            (no helmet)
rElec   +            (no cloak)
rCorr   .            d - +0 pair of gloves
SInv    .            (no boots)
Will    .....        j - amulet of magic regeneration
Stlth   ++           (no ring)
HPRegen 0.23/turn    (no ring)
MPRegen 0.50/turn

%: no passive effects
@: no status effects
A: sickness immunity, AC +3, negative energy resistance 1, electricity
resistance, torment resistance 1, petrification resistance
a: no special abilities


You were on level 2 of the Dungeon.
You visited 1 branch of the dungeon, and saw 2 of its levels.

You collected 37 gold pieces.

Inventory:

Hand Weapons
 k - a +0 dagger of venom (weapon)
Armour
 a - a +0 robe (worn)
 d - a +0 pair of gloves (worn)
 i - a +2 ring mail of willpower
Jewellery
 j - an amulet of magic regeneration (around neck)
Scrolls
 c - a scroll of identify {unknown}
 f - 2 scrolls of fear
 h - a scroll of acquirement {unknown}
Potions
 b - a potion of magic
 e - a potion of degeneration {unknown}
 g - a potion of enlightenment {unknown}


   Skills:
 + Level 2.2 Dodging
 - Level 2.1 Stealth
 + Level 2.5 Spellcasting
 - Level 1.1 Conjurations
 + Level 4.2 Earth Magic


You had 3 spell levels left.
You knew the following spells:

 Your Spells              Type           Power      Damage    Failure   Level
a - Sandblast             Erth           32%        2d9       3%          1
b - Stone Arrow           Conj/Erth      22%        3d8       19%         3

Your spell library contained the following spells:

 Spells                   Type           Power      Damage    Failure   Level
 Passwall                 Erth           16%        N/A       10%         3
 Brom's Barrelling Bould  Conj/Erth      11%        2d3       52%         4
 Petrify                  Alch/Erth      9%         N/A       58%         4


Dungeon Overview and Level Annotations

Branches:
Dungeon (2/15)

Altars:

Annotations:
D:2 Terence


Innate Abilities, Weirdness & Mutations

You are immune to sickness and miasma.
Your stone body is resilient. (AC +3)
You are immune to poison.
You resist negative energy. (rN+)
You are resistant to electric shocks. (rElec)
You are resistant to unholy torment.
You are immune to petrification.


Message History

Casting: Sandblast (safe; 3% risk of failure)
Confirm with . or Enter, or press ? or * to list all spells.
Aiming: Sandblast (safe; 3% risk of failure)
Press: ? - help, Shift-Dir - straight line, f/p - Terence
Aim: Terence, wielding a +0 mace and wearing a +0 ring mail (moderately wounded, 84% to hit)
The blast of sand hits Terence but does no damage.
Terence is moderately wounded.
Terence closely misses you.
Casting: Sandblast (safe; 3% risk of failure)
Confirm with . or Enter, or press ? or * to list all spells.
Aiming: Sandblast (safe; 3% risk of failure)
Press: ? - help, Shift-Dir - straight line, f/p - Terence
Aim: Terence, wielding a +0 mace and wearing a +0 ring mail (moderately wounded, 84% to hit)
The blast of sand misses Terence.
Terence looks scornfully at you. Terence barely misses you.
Terence hits you but does no damage.
Casting: Sandblast (safe; 3% risk of failure)
Confirm with . or Enter, or press ? or * to list all spells.
Aiming: Sandblast (safe; 3% risk of failure)
Press: ? - help, Shift-Dir - straight line, f/p - Terence
Aim: Terence, wielding a +0 mace and wearing a +0 ring mail (moderately wounded, 84% to hit)
The blast of sand hits Terence but does no damage.
Terence is moderately wounded.
Terence hits you but does no damage.
Casting: Sandblast (safe; 3% risk of failure)
Confirm with . or Enter, or press ? or * to list all spells.
Aiming: Sandblast (safe; 3% risk of failure)
Press: ? - help, Shift-Dir - straight line, f/p - Terence
Aim: Terence, wielding a +0 mace and wearing a +0 ring mail (moderately wounded, 84% to hit)
The blast of sand misses Terence.
Terence hits you with a +0 mace. x2
Casting: Sandblast (safe; 3% risk of failure)
Confirm with . or Enter, or press ? or * to list all spells.
Aiming: Sandblast (safe; 3% risk of failure)
Press: ? - help, Shift-Dir - straight line, f/p - Terence
Aim: Terence, wielding a +0 mace and wearing a +0 ring mail (moderately wounded, 84% to hit)
The blast of sand hits Terence!
Terence is severely wounded.
Terence hits you with a +0 mace!
You die...
Terence says, "Rest in peace."

.... ... #####...
#.).... #.....#
############
#.....####...#.......
+...@....+.... .>....
#...@.####...# ......
#............###...##
#....................
####.................
#.................
#......######'####
#......# #.#..<
#......# #.#.##
#.....)### #.#...


You could see Terence.

Vanquished Creatures
  A gnoll (D:1)
  2 endoplasms (D:1)
  A giant cockroach (D:1)
  6 goblins
  3 hobgoblins
  3 quokkas
  2 ball pythons (D:1)
  2 bats
  A frilled lizard (D:1)
  A kobold (D:1)
  5 rats
27 creatures vanquished.

Notes
Turn   | Place    | Note
-------+----------+-------------------------------------------
     0 | D:1      | Arcadio the Gargoyle Earth Elementalist began the quest for
                  | the Orb.
     0 | D:1      | Reached XP level 1. HP: 10/10 MP: 3/3
    73 | D:1      | Reached XP level 2. HP: 15/15 MP: 0/5
   106 | D:1      | Reached skill level 4 in Earth Magic
   554 | D:1      | Found a faded altar of an unknown god.
   571 | D:1      | Reached XP level 3. HP: 19/19 MP: 3/6
   979 | D:2      | Learned a level 3 spell: Stone Arrow
  1084 | D:2      | Noticed Terence
  1096 | D:2      | Slain by Terence

Illustrated notes

Levels and vault maps discovered:
D:1:      elethiomel_arrival_infinity_welcomes_careful_drivers, layout_rooms,
          hellmonk_ecumenical_altar_zigzags, interstate_on_off, nrook_uturn
D:2:      layout_basic, uniq_terence

Skill      XL: |  1  2 |
---------------+-------+-----
Earth Magic    | 4 |  4.2
Dodging        | 2 |  2.2
Stealth        | |  2.1
Spellcasting   | |  2.5
Conjurations   | |  1.1

Action                     || total
---------------------------++-------
  Melee: Unarmed           ||    21
         Dagger            ||    20
   Cast: Sandblast         ||    36
    Use: Scroll            ||     1
   Stab: Sleeping          ||     1
 Armour: Robe              ||    27
  Dodge: Dodged            ||    32
